 Dungeon Crawl Stone Soup version 0.31-a0-7-g51783674b7 (webtiles) character file.

Game seed: 14413320618852944874

61 voltaire321 the Charlatan (level 3, -3/27 HPs)
             Began as a Demonspawn Artificer on May 5, 2023.
             Slain by Sigmund
             ... wielding a +2 scythe of venom
              (8 damage)
             ... on level 2 of the Dungeon.
             The game lasted 00:04:33 (2109 turns).

voltaire321 the Charlatan (Demonspawn Artificer)    Turns: 2109, Time: 00:04:33

Health: -3/27      AC:  5    Str: 14    XL:     3   Next: 83%
Magic:  3/3        EV: 11    Int: 12    God:
Gold:   111        SH:  0    Dex: 13    Spells: 2/2 levels left

rFire   . . .        p - +2 short sword (speed)
rCold   . . .        (no shield)
rNeg    . . .        f - +0 ring mail
rPois   .            (no helmet)
rElec   .            (no cloak)
rCorr   .            (no gloves)
SInv    .            (no boots)
Will    .....        (no amulet)
Stlth   +            (no ring)
HPRegen 0.24/turn    (no ring)
MPRegen 0.08/turn

%: no passive effects
@: no status effects
A: powered by death 1
a: no special abilities


You were on level 2 of the Dungeon.
You visited 1 branch of the dungeon, and saw 2 of its levels.

You collected 111 gold pieces.

Inventory:

Hand Weapons
 g - a +0 dagger
 p - a +2 short sword of speed (weapon)
Armour
 f - a +0 ring mail (worn)
Wands
 c - a wand of flame (15)
 d - a wand of charming (15)
 e - a wand of iceblast (5)
Scrolls
 b - a scroll of teleportation {unknown}
 h - a scroll of magic mapping {unknown}
 m - a scroll of identify {unknown}
Potions
 i - a potion of curing {unknown}
 j - a potion of degeneration {unknown}
 k - a potion of heal wounds {unknown}
 l - 2 potions of ambrosia {unknown}
 n - a potion of attraction {unknown}
 o - a potion of magic {unknown}


   Skills:
 + Level 2.0 Fighting
 + Level 2.4 Armour
 + Level 1.7 Dodging
 - Level 0.8 Stealth
 + Level 3.5 Evocations


You had 2 spell levels left.
You didn't know any spells.
Your spell library was empty.

Dungeon Overview and Level Annotations

Branches:
Dungeon (2/15)

Altars:

Annotations:
D:2 Sigmund


Innate Abilities, Weirdness & Mutations

You regenerate a little health from kills.


Message History

Sigmund hits you from afar with a +2 scythe of venom.
You are poisoned.
You feel sick.
There is an open door here.
You feel sick.
Sigmund screams, "Don't try to resist!"
Throw: dart (poison)
Press: ? - help, Q - select action, (/) - cycle Shift-Dir - straight line, f/p - Sigmund
Aim: Sigmund, wielding a +2 scythe of venom and wearing a +0 robe (lightly wounded, poisoned, 53% to hit)
You throw a poisoned dart.
The poisoned dart closely misses Sigmund.
You feel sick.
Sigmund hits you from afar with a +2 scythe of venom.
Unknown command.
You feel sick.
There is an open door here.
You hit Sigmund.
Sigmund is moderately wounded.
You feel sick.
Sigmund looks more healthy.
Sigmund completely misses you.
You hit Sigmund but do no damage.
Sigmund is heavily wounded.
You feel sick.
You closely miss Sigmund.
Sigmund is heavily wounded.
You hit Sigmund.
Sigmund is heavily wounded.
You feel sick. Sigmund barely misses you.
You barely miss Sigmund.
Sigmund is heavily wounded.
You feel sick.
You are no longer poisoned.
You hit Sigmund.
Sigmund is severely wounded.
Sigmund gestures at you while chanting. The puff of flame hits you!
* * * LOW HITPOINT WARNING * * *
You hit Sigmund.
Sigmund is severely wounded.
Sigmund hits you with a +2 scythe of venom!
You die...

........(...###..# ############
..).........+....#####...........
.....)......##.......#.........##
...##'#####..(.......#.........'.
. #.# #.(........#.........#. #.#
#..........#.........#. #.#
####.......#......)..#. #.#
#.@.....#...).....#. #@#
###@######.#.######. #.# #.#
#.#.# . #.# #.#.# . #.######.#.#
#......<...# ############


You could see Sigmund.

Vanquished Creatures
  2 adders (D:2)
  3 dart slugs
  2 ball pythons (D:1)
  4 endoplasms
  3 giant cockroaches
  3 goblins
  2 hobgoblins (D:1)
  7 kobolds
  3 bats
  2 frilled lizards
  3 rats
34 creatures vanquished.

Vanquished Creatures (others)
  A fungus (D:1)
  A plant (D:1)
2 creatures vanquished.

Grand Total: 36 creatures vanquished

Notes
Turn   | Place    | Note
-------+----------+-------------------------------------------
     0 | D:1      | voltaire321 the Demonspawn Artificer began the quest for
                  | the Orb.
     0 | D:1      | Reached XP level 1. HP: 15/15 MP: 1/1
    24 | D:1      | Reached skill level 1 in Dodging
   231 | D:1      | Gained mutation: You regenerate a little health from kills.
                  | [demonic ancestry]
   231 | D:1      | Reached XP level 2. HP: 10/21 MP: 2/2
   751 | D:1      | Found a faded altar of an unknown god.
  1056 | D:1      | Reached XP level 3. HP: 21/26 MP: 3/3
  2083 | D:2      | Noticed Sigmund
  2109 | D:2      | Slain by Sigmund

Illustrated notes

Levels and vault maps discovered:
D:1:      eino_arrival_cavern_d, layout_basic, shapermc_ecumenical_altar_ellora
D:2:      layout_basic, uniq_jessica, uniq_sigmund

Skill      XL: |  1  2  3 |
---------------+----------+-----
Dodging        | 1 |  1.7
Armour         | 2 |  2.4
Fighting       | 2 |  2.0
Stealth        | |  0.8
Evocations     | |  3.5

Action                     || total
---------------------------++-------
  Melee: Club              ||    27
         Dagger            ||   160
         Short sword       ||    13
         Punch             ||     1
  Throw: Dart              ||    43
 Armour: Leather armour    ||    13
         Ring mail         ||    77
  Dodge: Dodged            ||   121

Table legend: (Time is in decaauts)
 A = Elapsed time spent in this place.
 B = Non-inter-level travel time spent in this place.
 C = Inter-level travel time spent in this place.
 D = Time resting spent in this place.
 E = Time spent auto-exploring this place.
 F = Levels seen in this place.
 G = Mean time per level.
                   A        B        C        D        E       F      G
               +--------+--------+--------+--------+--------+-----+--------+
         Total |   2111 |   2056 |     55 |    309 |   1194 |   2 | 1055.5 |
       Dungeon |   2111 |   2056 |     55 |    309 |   1194 |   2 | 1055.5 |
               +--------+--------+--------+--------+--------+-----+--------+

Top non-repeatable levels by time:
     D:1: 1656 daAuts
     D:2: 455 daAuts
